 Dungeon Crawl Stone Soup version 0.28-b1-25-g9875b3fc8c (webtiles) character file.

Game seed: 628358914405496860

2896 Armakuni the Fighter (level 9, -13/76 HPs)
             Began as a Hill Orc Delver on Feb 6, 2022.
             Was a Follower of Beogh.
             Mangled by a two-headed ogre (20 damage)
             ... on level 8 of the Dungeon.
             The game lasted 00:19:23 (10044 turns).

Armakuni the Fighter (Hill Orc Delver)             Turns: 10044, Time: 00:19:23

Health: -13/76     AC:  9    Str: 26    XL:     9   Next: 77%
Magic:  9/9        EV: 11    Int: 10    God:    Beogh [*.....]
Gold:   165        SH:  0    Dex: 14    Spells: 8/8 levels left

rFire   . . .      SeeInvis .   b - +6 war axe of Obsession {freeze, Contam Will+ Str+7}
rCold   . . .      Faith    .   (no shield)
rNeg    . . .      Spirit   .   k - +0 ring mail
rPois   .          Reflect  .   x - +0 helmet
rElec   .          Harm     .   (no cloak)
rCorr   .          Rampage  .   (no gloves)
Will    +....                   i - +0 pair of boots
Stlth   ++........              (no amulet)
HPRegen 0.22/turn               (no ring)
MPRegen 0.11/turn               (no ring)

@: no status effects
A: talons 1, agile 1, frail 1, mutation resistance 1
a: Renounce Religion


You were on level 8 of the Dungeon.
You worshipped Beogh.
Beogh was aware of your devotion.
You visited 1 branch of the dungeon, and saw 8 of its levels.

You collected 411 gold pieces.
You spent 246 gold pieces at shops.

Inventory:

Hand Weapons
 a - a +4 long sword
 b - the +6 war axe of Obsession (weapon) {freeze, Contam Will+ Str+7}
   (You bought it in a shop on level 2 of the Dungeon)

   It freezes those it strikes, dealing additional cold damage.
   It can also slow down cold-blooded creatures.
   Str:       It affects your strength (+7).
   Contam:    It causes magical contamination when unequipped.
   Will:      It increases your willpower.
Missiles
 p - 13 boomerangs (quivered)
 t - 3 javelins
 v - a throwing net
 y - a curare-tipped dart
Armour
 i - a +0 pair of boots (worn)
 k - a +0 ring mail (worn)
 o - a +0 scale mail
 x - a +0 helmet (worn)
Jewellery
 l - an amulet of the acrobat
Wands
 g - a wand of digging (1)
 j - a wand of flame (13)
Scrolls
 c - a scroll of fog
 e - a scroll of teleportation
 r - 3 scrolls of vulnerability
 A - a scroll of immolation
Potions
 f - 3 potions of haste
 h - a potion of berserk rage
 m - a potion of resistance {unknown}
 n - 2 potions of mutation
 q - 3 potions of curing
 s - a potion of brilliance {unknown}
 u - 2 potions of might {unknown}
 w - 4 potions of lignification {unknown}
 z - 2 potions of heal wounds


   Skills:
 - Level 10.0 Fighting
 - Level 3.7 Long Blades
 + Level 7.4 Axes
 + Level 9.2 Armour
 - Level 1.5 Dodging
 - Level 4.1 Stealth


You had 8 spell levels left.
You didn't know any spells.
Your spell library was empty.

Dungeon Overview and Level Annotations

Branches:
Dungeon (8/15)             Temple (0/1) D:5
   Lair: D:8-11

Altars:
Ashenzari
Cheibriados
Qazlal
Ru
Sif Muna
Wu Jian
Xom

Shops:
D:2 :*?*   D:3 !(*!(   D:5 *   D:6 (

Annotations:
D:4 2 transporters, Suckerboh's ghost, novice BaWr


Innate Abilities, Weirdness & Mutations

You have sharp toenails.
You are agile. (Dex +2)
You are frail. (-10% HP)
You are somewhat resistant to further mutation.


Message History

Press: ? - help, Q - select action, (/) - cycle Shift-Dir - straight line, f/p - two-headed ogre
Aim: a two-headed ogre, wielding a +0 giant spiked club and a +0 giant club (poisoned, 77% to hit)
You throw a poisoned dart.
The poisoned dart hits the two-headed ogre.
A wyvern comes into view.
Aiming: Throw Flame
Press: ? - help, Shift-Dir - straight line, f/p - two-headed ogre
Aim: a two-headed ogre, wielding a +0 giant spiked club and a +0 giant club (lightly wounded, poisoned, 85% to hit)
The puff of flame hits the two-headed ogre.
The two-headed ogre is lightly wounded.
The wyvern hisses angrily.
Aiming: Throw Flame
Press: ? - help, Shift-Dir - straight line, f/p - two-headed ogre
Aim: a two-headed ogre, wielding a +0 giant spiked club and a +0 giant club (lightly wounded, poisoned, 85% to hit)
The puff of flame hits the two-headed ogre.
The two-headed ogre is lightly wounded.
Aiming: Throw Flame
Press: ? - help, Shift-Dir - straight line, f/p - two-headed ogre
Aim: a two-headed ogre, wielding a +0 giant spiked club and a +0 giant club (lightly wounded, poisoned, 85% to hit)
The puff of flame misses the two-headed ogre.
The puff of flame hits the wyvern.
The wyvern is lightly wounded.
You hit the two-headed ogre. You freeze the two-headed ogre.
The two-headed ogre is moderately wounded.
The two-headed ogre barely misses you.
The two-headed ogre hits you with a +0 giant club!
You closely miss the two-headed ogre.
The two-headed ogre is moderately wounded.
The two-headed ogre hits you with a +0 giant spiked club!
The two-headed ogre hits you with a +0 giant club!
You barely miss the two-headed ogre.
The two-headed ogre is moderately wounded.
The two-headed ogre looks more healthy.
The two-headed ogre hits you with a +0 giant spiked club!
The two-headed ogre hits you with a +0 giant club!!
* * * LOW HITPOINT WARNING * * *
You hit the two-headed ogre. You freeze the two-headed ogre.
The two-headed ogre is moderately wounded.
The two-headed ogre hits you with a +0 giant spiked club!!
You die...

..# ..# ..#
..# ##..#
#...#
..######..#
..(..lO@<.#
#.######.##
#.# #.# #.#
#.# #.# #.#


You could see a two-headed ogre and a wyvern.

Vanquished Creatures
  Prince Ribbit (D:7)
  Duvessa (D:5)
  2 water moccasins (D:7)
  A black bear (D:6)
  3 necrophages
  An ice beast (D:6)
  3 ogres
  A centaur (D:6)
  Blork the orc (D:4)
  A kobold brigand (D:7)
  2 bullfrogs (D:5)
  A scorpion (D:6)
  Dowan (D:5)
  3 wights (D:7)
  4 crimson imps (D:5)
  A gnoll shaman (D:6)
  2 orc priests (D:4)
  A bullfrog zombie (D:6)
  5 hounds
  2 bullfrog skeletons
  Ijyb (D:4)
  Terence (D:3)
  3 centaur skeletons
  3 orc wizards
  8 iguanas
  A howler monkey zombie (D:7)
  8 gnolls
  6 adders
  2 white imps
  2 adder skeletons
  A worm (D:5)
  3 dart slugs
  13 orcs
  6 ball pythons
  4 giant cockroaches
  4 hobgoblins
  7 jackals
  4 kobolds
  5 bats
  4 frilled lizards
  8 goblins
  11 rats
142 creatures vanquished.

Vanquished Creatures (others)
  An orc priest (D:4)
  11 plants (D:6)
12 creatures vanquished.

Grand Total: 154 creatures vanquished

Notes
Turn   | Place    | Note
-------+----------+-------------------------------------------
     0 | D:5      | Armakuni the Hill Orc Delver began the quest for the Orb.
     0 | D:5      | Reached XP level 1. HP: 19/19 MP: 1/1
    16 | D:6      | Noticed an iguana
    25 | D:6      | Noticed a scorpion
    38 | D:5      | Noticed a bullfrog
    43 | D:4      | Noticed a hound
    79 | D:3      | Found Moq Esic's Weapon Shoppe.
   104 | D:4      | Reached XP level 2. HP: 11/27 MP: 2/2
   308 | D:4      | Reached skill level 4 in Fighting
   472 | D:3      | Found Ynankepatz's Assorted Antiques.
   708 | D:2      | Found Amukloog's Book Emporium.
   948 | D:2      | Reached XP level 3. HP: 23/34 MP: 3/3
  1785 | D:1      | Reached XP level 4. HP: 41/41 MP: 4/4
  1855 | D:1      | Found a faded altar of an unknown god.
  2384 | D:1      | Reached skill level 5 in Fighting
  2448 | D:2      | Found Ylyw's Assorted Antiques.
  2610 | D:2      | Found Mifoc's Magic Scroll Shoppe.
  2681 | D:2      | Found Naqyuras's Assorted Antiques.
  2923 | D:3      | Found Ochurack's Distillery.
  3072 | D:3      | Found Cuaxenast's Weapon Shoppe.
  3195 | D:3      | Noticed a necrophage
  3207 | D:3      | Killed a necrophage
  3208 | D:3      | Reached skill level 6 in Fighting
  3208 | D:3      | Reached XP level 5. HP: 31/51 MP: 5/5
  3327 | D:3      | Found a broken altar of Ashenzari.
  3409 | D:3      | Found Mieran's Distillery.
  3570 | D:3      | Noticed Terence
  3580 | D:3      | Killed Terence
  3581 | D:3      | Reached skill level 7 in Fighting
  3581 | D:3      | Reached XP level 6. HP: 53/60 MP: 6/6
  3696 | D:4      | Noticed a necrophage
  3710 | D:4      | Killed a necrophage
  3711 | D:4      | Reached skill level 1 in Armour
  4254 | D:4      | Found a snail-covered altar of Cheibriados.
  4528 | D:4      | Reached skill level 8 in Fighting
  4528 | D:4      | Reached XP level 7. HP: 64/68 MP: 7/7
  4594 | D:4      | Became a worshipper of Beogh the Brigand
  4890 | D:4      | Noticed Blork the orc
  4892 | D:4      | Found a sacrificial altar of Ru.
  4916 | D:4      | Killed Blork the orc
  5082 | D:4      | Noticed Ijyb
  5097 | D:4      | Killed Ijyb
  5675 | D:4      | Found a transporter.
  5678 | D:4      | Found a transporter.
  5678 | D:4      | Noticed Suckerboh's ghost (novice BaWr)
  5774 | D:5      | Found a stormy altar of Qazlal.
  5794 | D:5      | Identified the +6 mace "Keafaseh" {freeze, *Rage rPois rF+
                  | Int+7}
  5810 | D:5      | Found a shimmering blue altar of Sif Muna.
  5909 | D:5      | Reached skill level 9 in Fighting
  5973 | D:5      | Found a staircase to the Ecumenical Temple.
  6020 | D:5      | Reached XP level 8. HP: 68/78 MP: 8/8
  6276 | D:5      | Noticed Dowan
  6276 | D:5      | Noticed Duvessa
  6290 | D:5      | Killed Duvessa
  6291 | D:5      | Reached skill level 5 in Armour
  6294 | D:5      | Killed Dowan
  6426 | D:5      | Found a shimmering altar of Xom.
  6438 | D:5      | Reached skill level 10 in Fighting
  6550 | D:5      | Found Zaoschyp's Overcharged Wands.
  7183 | D:2      | Bought a smoking war axe for 246 gold pieces
  7183 | D:2      | Identified the +6 war axe of Obsession {freeze, Contam
                  | Will+ Str+7} (You bought it in a shop on level 2 of the
                  | Dungeon)
  7304 | D:6      | Reached * piety under Beogh
  7331 | D:6      | Found an ornate altar of the Wu Jian Council.
  7356 | D:6      | Gained mutation: You are agile. (Dex +2) [potion of
                  | mutation]
  7356 | D:6      | Gained mutation: You are somewhat resistant to further
                  | mutation. [potion of mutation]
  7356 | D:6      | Gained mutation: You are frail. (-10% HP) [potion of
                  | mutation]
  7356 | D:6      | Gained mutation: You have sharp toenails. [potion of
                  | mutation]
  7370 | D:6      | Reached skill level 1 in Axes
  8320 | D:6      | Reached XP level 9. HP: 57/76 MP: 9/9
  8797 | D:6      | Found Ikoeff's Antique Weapon Emporium.
  9012 | D:6      | Reached skill level 5 in Axes
  9504 | D:7      | Noticed Prince Ribbit
  9514 | D:7      | Killed Prince Ribbit
 10034 | D:8      | Noticed a two-headed ogre
 10044 | D:8      | Mangled by a two-headed ogre

Illustrated notes

Levels and vault maps discovered:
D:1:      dpeg_arrival_signposts, layout_loops_ring,
          shapermc_ecumenical_altar_petra
D:2:      layout_loops_cross, serial_shops, shop, shop, shop, shop
D:3:      layout_rooms, lemuel_crystal_altar, serial_shops,
          nicolae_shop_statue_plus, shop, shop, shop, shop, uniq_terence
D:4:      layout_loops_ring, mainiacjoe_overflow_concentric_impassable,
          mainiacjoe_overflow_boulevard, enter_ossuary_1, gammafunk_ghost_smash,
          grunt_ministairs_8, minmay_crystal_room, uniq_blork_the_orc, uniq_ijyb
D:5:      layout_basic, nicolae_qazlal_scattered_showers, led_xom_imps,
          mainiacjoe_overflow_tiny_flanked, temple_hall,
          nicolae_shop_overcharged_wands, uniq_duvessa
D:6:      layout_cave_pools, mainiacjoe_overflow_chevrons, serial_shops,
          nicolae_shop_advertising_works [nicolae_subvault_shop_adworks]
D:7:      layout_cave_pools, uniq_prince_ribbit1
D:8:      layout_loops_ring, serial_shops, nicolae_inconvenience_store

Skill      XL: |  1  2  3  4  5  6  7  8  9 |
---------------+----------------------------+-----
Fighting       | 4 6 7 8 9 10 | 10.0
Long Blades    | 3 |  3.7
Armour         | 2 4 7 9 |  9.2
Axes           | 3 7 |  7.4
Dodging        | |  1.5
Stealth        | |  4.1

Action                   |  1- 3 |  4- 6 |  7- 9 || total
-------------------------+-------+-------+-------++-------
Melee: Falchion          |   104 |   154 |       ||   258
       Punch             |     1 |     1 |     5 ||     7
       Long sword        |       |    19 |   272 ||   291
       War axe           |       |       |    37 ||    37
Throw: Dart              |       |     4 |     4 ||     8
Invok: Convert to Beogh  |       |       |     1 ||     1
Evoke: Wand              |     2 |       |    12 ||    14
  Use: Scroll            |     1 |     1 |     7 ||     9
       Potion            |       |       |     2 ||     2
 Stab: Sleeping          |       |     7 |     4 ||    11
       Distracted        |       |     1 |       ||     1
Armor: Leather armour    |    28 |    65 |     1 ||    94
       Ring mail         |       |       |   131 ||   131
Dodge: Dodged            |    81 |   112 |   192 ||   385
